AoeStats
← Kanyaga

African Clearing

505338266Analyzed
4v4 RM · 23d ago on Sep 8, 2026· 46m 2s· 8 players
Game mode
Random Map
Map size
Large (8 player)
Population
200
Speed
Normal
Resources
Standard
Victory
Conquest
Starting age
Dark Age
Ending age
Imperial Age
RankedLock teamsTeams togetherTeam positionsShared explorationLock speedFull tech treeHidden civsTurbo modeCheats
Victory
Defeat
🇹🇷 Mongols · Türkiye
1720
+9
🇹🇷 Mapuche · Türkiye
1563
+14
🇹🇷 Koreans · Türkiye
1517
+16
🇹🇷 Wei · Türkiye
1482
+18
🇺🇸 Khitans · United States
1707
-22
🇺🇸 Muisca · United States
1528
-14
🇨🇦 Turks · Canada
1448
-11
🇮🇪 Bulgarians · Ireland
1434
-10
heybrowazzup
13:33 Feudal Age
17:48 Castle Age
16:27 Fletching
17:25 Loom
21:06 Bodkin Arrow
25:49 Ballistics
28:25 Double-Bit Axe
28:20 Horse Collar
34:19 Padded Archer Armor
35:41 Wheelbarrow
40:01 Imperial Age
38:19 Hand Cart
38:16 Heavy Plow
39:16 Bow Saw
38:57 Gold Mining
39:24 Leather Archer Armor
42:27 Chemistry
43:43 Elite Bolas Rider
46:06 Ring Archer Armor
45:44 Malon
Göktürk
11:06 Loom
12:52 Feudal Age
15:18 Double-Bit Axe
17:35 Castle Age
19:10 Bow Saw
18:53 Gold Mining
18:56 Fletching
19:48 Wheelbarrow
26:54 Ballistics
38:59 Hand Cart
41:03 Gold Shaft Mining
47:04 Imperial Age
Kanyaga
12:20 Feudal Age
13:45 Double-Bit Axe
15:20 Wheelbarrow
15:31 Loom
17:08 Horse Collar
22:52 Stone Mining
22:55 Gold Mining
24:29 Fletching
32:38 Castle Age
33:52 Heavy Plow
34:04 Bow Saw
36:26 Gold Shaft Mining
36:28 Stone Shaft Mining
37:35 Bodkin Arrow
39:26 Padded Archer Armor
40:22 Ballistics
41:32 Leather Archer Armor
41:53 Treadmill Crane
42:31 Thumb Ring
42:44 Hand Cart
45:36 Imperial Age
46:12 Murder Holes
Jrfear
9:25 Loom
11:11 Feudal Age
15:49 Castle Age
13:39 Double-Bit Axe
18:37 Bow Saw
18:07 Horse Collar
22:16 Wheelbarrow
22:36 Town Watch
26:54 Fletching
29:41 Wheelbarrow
29:38 Scale Barding Armor
33:25 Imperial Age
32:01 Bloodlines
32:18 Chain Barding Armor
33:08 Husbandry
33:38 Hand Cart
33:41 Cavalier
35:16 Forging
35:57 Heavy Plow
36:34 Iron Casting
36:25 Conscription
36:58 Gold Mining
36:58 Stone Mining
40:14 Blast Furnace
39:52 Coinage
40:04 Ballistics
39:40 Bodkin Arrow
41:19 Banking
42:39 Bracer
43:47 Chemistry
42:43 Murder Holes
42:58 Masonry
42:37 Elite Steppe Lancer
44:21 Padded Archer Armor
44:55 Siege Engineers
45:09 Capped Ram
46:20 Drill
Madbun
6:28 Loom
12:15 Feudal Age
15:09 Scale Mail Armor
15:20 Forging
18:25 Horse Collar
19:12 Arson
24:00 Castle Age
21:56 Double-Bit Axe
23:54 Gold Mining
25:32 Chain Mail Armor
26:17 Wheelbarrow
25:34 Gambesons
25:50 Squires
26:47 Iron Casting
27:56 Town Watch
35:14 Bow Saw
36:26 Hand Cart
36:16 Pikeman
38:13 Fletching
38:25 Padded Archer Armor
43:11 Imperial Age
44:13 Bodkin Arrow
44:50 Plate Mail Armor
44:44 Halberdier
Funkyton
9:39 Loom
10:13 Loom
12:21 Feudal Age
19:45 Castle Age
19:12 Forging
20:39 Bloodlines
24:05 Double-Bit Axe
28:40 Padded Archer Armor
31:10 Horse Collar
33:17 Wheelbarrow
34:57 Husbandry
34:57 Town Watch
36:24 Hand Cart
39:33 Imperial Age
39:18 Fletching
44:06 Conscription
Ro Ro Din Bat
9:52 Loom
12:29 Feudal Age
17:07 Castle Age
17:13 Double-Bit Axe
17:11 Horse Collar
18:03 Fletching
18:28 Bow Saw
22:25 Bodkin Arrow
23:35 Padded Archer Armor
24:57 Wheelbarrow
27:52 Town Watch
29:55 Leather Archer Armor
31:51 Ballistics
35:11 Heavy Plow
40:57 Imperial Age
40:30 Herbalism
40:34 Pikeman
40:34 Champi Runner
41:18 Scale Mail Armor
41:28 Forging
42:41 Huaracas
42:51 Squires
42:36 Champi Warrior
43:09 Elite Guecha Warrior
44:11 Conscription
44:29 Bracer
46:03 Hoardings
45:19 Elite Champi Warrior
Chris
9:50 Loom
12:29 Feudal Age
13:06 Double-Bit Axe
16:53 Forging
19:42 Scale Barding Armor
24:46 Castle Age
24:20 Fletching
25:47 Bodkin Arrow
31:26 Elite Skirmisher
34:01 Padded Archer Armor
37:19 Town Watch
38:45 Husbandry
39:32 Wheelbarrow
39:58 Bow Saw
40:29 Light Cavalry
41:30 Chain Barding Armor
41:43 Domestication
44:31 Hand Cart
Connection lost

Rejoining the realm…

Still unreachable

The connection could not be restored.

Session expired

The server has moved on; the page needs a fresh start.